 Dungeon Crawl Stone Soup version 0.31.0-12-g77e489cdc1 (webtiles) character file.

Game seed: 10136555395136136193

212278 Cleetus the Devastator (level 18, -21/125 HPs)
             Began as a Demonspawn Conjurer on Feb 17, 2024.
             Was the Champion of Vehumet.
             Shot with an arrow by a naga sharpshooter (22 damage)
             ... led by Vashnia
             ... on level 3 of the Snake Pit.
             The game lasted 02:27:22 (52431 turns).

Cleetus the Devastator (Demonspawn Conjurer)       Turns: 52431, Time: 02:27:23

Health: -21/125    AC: 15    Str: 11    XL:     18   Next: 24%
Magic:  20/35      EV: 13    Int: 25    God:    Vehumet [******]
Gold:   1070       SH: 11    Dex: 17    Spells: 2/44 levels left

rFire   + . .        z - staff of conjuration
rCold   + + .        f - sphere of Battle
rNeg    . . .        x - +0 swamp dragon scales
rPois   +            b - +2 helmet {SInv}
rElec   +            w - +2 cloak of Too Many Cooks {rElec}
rCorr   .            n - +1 pair of gloves
SInv    +            (boots unavailable)
Will    +....        R - amulet "Qyxis" {Reflect Fly rF+ rC+++ Int-3 SH+5}
Stlth   +            K - ring of Roraiz Onga {Fire Str+4}
HPRegen 0.40/turn    F - ring "Tixathru" {Wiz rF- Int+3 Dex+3}
MPRegen 0.24/turn

%: reflection, wizardry (x1)
@: flying
A: hooves 3, large bone plates 2, ignite blood 2, powered by death 2
}: 1/15 runes: decaying
a: Renounce Religion


You were on level 3 of the Snake Pit.
You worshipped Vehumet.
Vehumet was exalted by your worship.
You visited 5 branches of the dungeon, and saw 28 of its levels.
You also visited: Sewer and Bailey.

You collected 3503 gold pieces.
You spent 2433 gold pieces at shops.

Inventory:

Hand Weapons
 W - the +7 flail of the Doomed Warrior {freeze, rF+}
   (You found it on level 2 of the Lair of Beasts)

   rF+:       It protects you from fire.
Armour
 b - a +2 helmet of see invisible (worn)
 f - the sphere of Battle (worn)
   (You acquired it on level 2 of the Swamp)

   Battle:    It summons a battlesphere in combat, with strength depending on
   Conjurations skill.
   Destructive: It enhances your destructive magic, and weakens non-destructive
   magic.
 j - a scarf of harm
 n - a +1 pair of gloves (worn)
 v - a +0 helmet
 w - the +2 cloak of Too Many Cooks (worn) {rElec}
   (You bought it in a shop on level 11 of the Dungeon)

   rElec:     It insulates you from electricity.
 x - +0 swamp dragon scales (worn)
 A - a +2 leather armour of fire resistance
 U - +1 fire dragon scales
 V - a +1 robe of willpower
Magical Staves
 z - a staff of conjuration (weapon)
 M - a staff of fire
Jewellery
 a - a ring of wizardry
 k - a +6 ring of dexterity
 l - a ring of protection from cold
 F - the ring "Tixathru" (right hand) {Wiz rF- Int+3 Dex+3}
   (You found it on level 6 of the Dungeon)

   [ring of wizardry]

   Wiz:       It improves your spell success rate.
   Int+3:     It affects your intelligence (+3).
   Dex+3:     It affects your dexterity (+3).
   rF-:       It makes you vulnerable to fire.
 K - the ring of Roraiz Onga (left hand) {Fire Str+4}
   (You found it in a bailey)

   [ring of fire]

   Fire:      It enhances your fire magic.
   Str+4:     It affects your strength (+4).
   rF+:       It protects you from fire.
   rC-:       It makes you vulnerable to cold.
 R - the amulet "Qyxis" (around neck) {Reflect Fly rF+ rC+++ Int-3 SH+5}
   (You bought it in a shop on level 11 of the Dungeon)

   [amulet of reflection]

   Reflect:   It reflects blocked missile attacks.
   Int-3:     It affects your intelligence (-3).
   rF+:       It protects you from fire.
   rC+++:     It renders you almost immune to cold.
   Fly:       It grants you flight.
   SH+5:      It affects your SH (+5).
Wands
 i - a wand of mindburst (10)
 y - a wand of light (7)
 I - a wand of iceblast (30)
 S - a wand of digging (4)
 T - a wand of flame (23)
Scrolls
 c - a scroll of enchant armour
 d - 4 scrolls of enchant weapon
 e - a scroll of poison
 g - 9 scrolls of immolation
 r - 5 scrolls of revelation
 u - 2 scrolls of blinking
 J - 5 scrolls of fear
 O - 3 scrolls of brand weapon
 P - 2 scrolls of fog
 Q - 8 scrolls of teleportation
 Z - 6 scrolls of identify
Potions
 h - a potion of brilliance
 m - 6 potions of enlightenment
 o - 3 potions of curing
 p - 6 potions of mutation
 t - 3 potions of haste
 B - 2 potions of heal wounds
 C - a potion of cancellation
 E - 2 potions of resistance
 G - 2 potions of lignification
 H - a potion of invisibility
Miscellaneous
 q - a box of beasts
 s - a tin of tremorstones (2/2)


   Skills:
 - Level 6.4 Fighting
 - Level 5.7 Dodging
 - Level 1.7 Stealth
 - Level 11.0 Shields
 - Level 13.8 Spellcasting
 - Level 16.0 Conjurations
 - Level 4.0 Necromancy
 - Level 13.1 Fire Magic
 + Level 15.5 Earth Magic
 - Level 3.0 Alchemy


You had 2 spell levels left.
You knew the following spells:

 Your Spells              Type           Power      Damage    Failure   Level
a - Magic Dart            Conj           100%       1d8       0%          1
b - Shatter               Erth           48%        3d37*     69%         9
c - Fulminant Prism       Conj/Alch      49%        3d21      1%          4
d - Sandblast             Erth           100%       2d20      0%          1
e - Fireball              Conj/Fire      70%        3d26      1%          5
g - Borgnjor's Vile Clut  Necr/Erth      16%        N/A       1%          5
h - Bombard               Conj/Erth      60%        9d10      1%          6
i - Passwall              Erth           47%        N/A       1%          3
j - Lehudib's Crystal Sp  Conj/Erth      60%        10d14     9%          8

Your spell library contained the following spells:

 Spells                   Type           Power      Damage    Failure   Level
 Chain Lightning          Conj/Air       46%        3d61      99%         9
 Polar Vortex             Ice            12%        12d1*     99%         9
 Searing Ray              Conj           100%       2d8       0%          2
 Necrotise                Necr           72%        1d7       1%          1
 Sting                    Conj/Alch      100%       1d9       1%          1
 Cigotuvi's Dreadful Rot  Necr/Alch/Air  28%        N/A       1%          2
 Apportation              Tloc           16%        N/A       3%          1
 Slow                     Hex            32%        N/A       3%          1
 Summon Small Mammal      Summ           32%        N/A       3%          1
 Blink                    Tloc           16%        N/A       4%          2
 Call Imp                 Summ           16%        N/A       4%          2
 Ensorcelled Hibernation  Hex/Ice        16%        N/A       4%          2
 Jinxbite                 Hex            16%        N/A       4%          2
 Fugue of the Fallen      Necr           18%        N/A       1%          3
 Stone Arrow              Conj/Erth      100%       3d13      1%          3
 Vampiric Draining        Necr           18%        2d7       1%          3
 Animate Armour           Summ/Erth      56%        N/A       1%          4
 Brom's Barrelling Bould  Conj/Erth      100%       2d11      1%          4
 Iskenderun's Mystic Bla  Conj/Tloc      92%        2d18      1%          4
 Dispel Undead            Necr           18%        3d11      6%          4
 Confusing Touch          Hex            8%         N/A       10%         3
 Ozocubu's Armour         Ice            8%         N/A       10%         3
 Sigil of Binding         Hex            8%         N/A       10%         3
 Tukima's Dance           Hex            8%         N/A       10%         3
 Anguish                  Hex/Necr       6%         N/A       14%         4
 Martyr's Knell           Necr/Summ      13%        N/A       14%         4
 Alistair's Intoxication  Alch           10%        N/A       26%         5
 Dimensional Bullseye     Hex/Tloc       4%         N/A       32%         4
 Manifold Assault         Tloc           8%         N/A       32%         4
 Death Channel            Necr           9%         N/A       65%         6


Dungeon Overview and Level Annotations

Branches:
Dungeon (14/15)            Temple (0/1) D:4            Lair (5/5) D:9
  Swamp (4/4) Lair:3        Snake (3/4) Lair:3        Slime (0/5) Lair:4
    Orc (2/2) D:12            Elf (0/3) Orc:2        Vaults (0/5) D:14
  Sewer (visited)          Bailey (visited)

Altars:
Ashenzari
Cheibriados
Fedhas
Gozag
Kikubaaqudgha
Makhleb
Nemelex Xobeh
Okawaru
Sif Muna
Trog
Vehumet
Xom
Yredelemnul
Jiyva

Shops:
D:6 (   D:7 *=   D:8 *   D:11 *(=*(   Orc:2 ([*(:   Snake:1 *[*=

Portals:
Abyss: Swamp:2

Annotations:
Swamp:2 2 transporters
Snake:3 Vashnia
Orc:2 1 runed translucent door, exclusion: 4 orange crystal statues


Innate Abilities, Weirdness & Mutations

You have hooves in place of feet.
You are mostly covered in large bone plates. (SH +6)
Your demonic aura often causes spilled blood to erupt in flames.
You regenerate health from kills.


Message History

You conjure a globe of magical energy.
You hear a shout!
A black mamba comes into view.
Vashnia shoots an arrow.
The arrow hits you!!
* * * LOW HITPOINT WARNING * * *
The naga sharpshooter is engulfed in blazing flames.
The naga sharpshooter shoots an arrow.
The arrow hits you!!
* * * LOW HITPOINT WARNING * * *
Okay, then.
Unknown command.
You feel much better.
You swap places.
Your battlesphere is engulfed in blazing flames.
Your battlesphere is engulfed in blazing flames.
You see here a black mamba corpse.
The orc warrior shouts!
Vashnia spits poison at you. The splash of poison hits you.
You are poisoned.
You resist.
* * * LOW HITPOINT WARNING * * *
The black mamba bites your battlesphere.
You feel very sick.
Vashnia shoots an arrow.
The arrow completely misses you.
The black mamba completely misses your battlesphere.
The naga sharpshooter gestures wildly while chanting.
The naga sharpshooter magically shoots an arrow.
The arrow hits you!
* * * LOW HITPOINT WARNING * * *
There is an escape hatch in the ceiling, spattered with blood here.
Okay, then.
You feel better.
The black mamba bites your battlesphere!
Vashnia shoots an arrow.
The arrow hits you!!
* * * LOW HITPOINT WARNING * * *
The black mamba closely misses your battlesphere.
The naga sharpshooter casts a spell.
The naga sharpshooter magically shoots an arrow.
The arrow hits you!!
You die...

######
#############.....##
#.....@##..........+
...####<*S..........#
#...##†..#......#
.##...##...#......#
.)...o##...##.....+
...)....#...###.....
#...)_N....).........
..).....N..)).......#
...................


You could see Vashnia, a naga sharpshooter, a black mamba, an orc warrior and a
friendly battlesphere.

Vanquished Creatures
  Saint Roka (Snake:3)
  Nikola (Snake:2)
  Jorgrun (D:14)
  Mlioglotl (Swamp:4)
  4 thorn hunters (Swamp:4)
  Kirke (Swamp:1)
  Aizul (Snake:2)
  2 nagarajas (Snake:2)
  2 ghouls (Swamp:4)
  An orc warlord (Orc:2)
  The ghost of Nilihum the Devastator, a journeyman DECj of Vehumet (Orc:2)
  6 eleionomae
  2 dire elephants (Swamp:4)
  6 bunyips
  Harold (D:9)
  2 shambling mangroves (Swamp:4)
  15 hydras
  A spriggan air mage (Swamp:1)
  4 ghost crabs
  A salamander tyrant (Snake:2)
  Erica (D:9)
  A centaur warrior (D:13)
  8 anacondas
  A catoblepas (Lair:1)
  3 boulder beetles
  6 naga warriors
  12 alligators
  10 two-headed ogres
  10 naga sharpshooters
  4 orc high priests (Orc:2)
  The ghost of KineticRobot the Conjurer, a novice HuCj of Sif Muna (D:9)
  6 shock serpents
  Sonja (Lair:5)
  4 spriggans
  A deep elf knight (Swamp:4)
  A fire crab (Lair:5)
  2 skysharks
  2 naga ritualists (Snake:1)
  4 sea snakes
  4 spectral hydras (Swamp:4)
  5 spriggan druids
  Lodul (D:12)
  7 goliath frogs
  9 mana vipers
  A deep troll (Orc:2)
  7 swamp dragons
  A bog body (Swamp:1)
  A lindwurm (Lair:1)
  A deep elf archer (Swamp:4)
  2 flayed ghosts (Swamp:4)
  18 ugly things
  A phantasmal warrior (Swamp:4)
  6 orc knights
  6 cyclopes
  8 oklob plants
  2 will-o-the-wisps
  3 deep elf pyromancers
  3 orc sorcerers (Orc:2)
  A manticore (D:14)
  6 salamanders
  A meliai (shapeshifter) (D:14)
  26 elephants
  11 naga magi
  A moth of wrath (Orc:2)
  3 guardian serpents (Snake:2)
  31 black mambas
  A kobold blastminer (Orc:1)
  26 cane toads
  2 gargoyles
  An unseen horror (D:11)
  An efreet (D:14)
  16 rime drakes
  8 komodo dragons
  2 hydra zombies (Swamp:4)
  A polar bear (Lair:4)
  2 bloated husks
  4 trolls
  13 tyrant leeches
  3 hydra skeletons (Swamp:4)
  46 blink frogs
  7 hornets
  Sigmund (D:3)
  2 wraiths
  A spriggan (shapeshifter) (D:14)
  A shadow (D:12)
  46 yaks
  10 basilisks
  Eustachio (D:4)
  15 wyverns
  3 hogs (Swamp:1)
  2 steam dragons
  3 wargs
  13 vampire mosquitoes
  12 swamp worms
  An acid dragon (D:9)
  36 nagas
  19 water moccasins
  2 hell hounds
  Duvessa (D:5)
  2 hydra simulacra (Swamp:4)
  2 laughing skulls (D:13)
  3 ice beasts
  4 swamp drakes
  An ice beast (shapeshifter) (D:14)
  34 orc warriors
  A swamp dragon zombie (Swamp:4)
  2 black bears (D:8)
  17 wolves
  14 ogres
  6 centaurs
  3 kobold brigands
  17 bullfrogs
  A gnoll sergeant (D:9)
  3 necrophages (D:5)
  2 scorpions
  Dowan (D:5)
  21 wights
  16 killer bees
  10 howler monkeys
  A bullfrog zombie (D:5)
  21 orc priests
  3 bombardier beetles
  4 hounds
  Jessica (D:2)
  2 iguanas
  A scorpion zombie (D:5)
  2 sleepcaps (D:7)
  21 orc wizards
  12 hell rats (D:14)
  A statue (D:3)
  A howler monkey zombie (D:5)
  Robin (D:4)
  3 gnolls (D:9)
  2 swamp drake zombies (Swamp:4)
  9 adders
  A shadow imp (D:6)
  2 white imps
  2 ufetubi (D:6)
  14 dart slugs
  3 ribbon worms
  82 orcs
  An endoplasm (D:3)
  15 giant cockroaches
  22 goblins
  13 hobgoblins
  4 quokkas
  7 ball pythons
  8 bats
  4 frilled lizards (Sewer)
  29 kobolds
  7 rats
1059 creatures vanquished.

Vanquished Creatures (others)
  4 foxfires (Swamp:3)
  95 fulminant prisms
  4 starspawn tentacles (Swamp:4)
103 creatures vanquished.

Grand Total: 1162 creatures vanquished

Notes
Turn   | Place    | Note
-------+----------+-------------------------------------------
     0 | D:1      | Cleetus the Demonspawn Conjurer began the quest for the
                  | Orb.
     0 | D:1      | Reached XP level 1. HP: 13/13 MP: 3/3
   215 | D:1      | Gained mutation: You have large cloven feet. [demonic
                  | ancestry]
   215 | D:1      | Reached XP level 2. HP: 14/19 MP: 1/5
   530 | D:1      | Learned a level 2 spell: Searing Ray
  1205 | D:2      | Reached XP level 3. HP: 24/24 MP: 6/6
  1320 | D:2      | Noticed Jessica
  1327 | D:2      | Killed Jessica
  1328 | D:2      | Reached skill level 5 in Conjurations
  1543 | D:2      | Reached XP level 4. HP: 30/30 MP: 7/7
  2134 | D:3      | Noticed Sigmund
  2148 | D:3      | Killed Sigmund
  2149 | D:3      | Reached skill level 6 in Conjurations
  2149 | D:3      | Gained mutation: You regenerate a little health from kills.
                  | [demonic ancestry]
  2149 | D:3      | Reached XP level 5. HP: 5/35 MP: 2/9
  2152 | D:3      | HP: 2/52 [poisoned by Sigmund]
  2356 | D:3      | Found a radiant altar of Vehumet.
  2356 | D:3      | Noticed a charred statue
  2571 | D:3      | Found a faded altar of an unknown god.
  2589 | D:3      | Reached XP level 6. HP: 34/41 MP: 1/10
  2992 | D:3      | Reached skill level 7 in Conjurations
  3053 | D:3      | Learned a level 4 spell: Fulminant Prism
  3541 | D:3      | Became a worshipper of Vehumet
  3576 | D:4      | Noticed Eustachio
  3584 | D:4      | Killed Eustachio
  3926 | D:4      | Gained mutation: You are partially covered in large bone
                  | plates. (SH +4) [demonic ancestry]
  3926 | D:4      | Reached XP level 7. HP: 44/46 MP: 3/12
  4528 | D:4      | Noticed Robin
  4548 | D:4      | Killed Robin
  4548 | D:4      | Reached * piety under Vehumet
  4548 | D:4      | Offered knowledge of Kiss of Death by Vehumet.
  5036 | D:4      | Found a staircase to the Ecumenical Temple.
  5307 | D:5      | Entered Level 5 of the Dungeon
  5402 | D:5      | Found a burning altar of Makhleb.
  5410 | D:5      | Noticed Duvessa
  5426 | D:5      | Killed Duvessa
  5427 | D:5      | Reached skill level 8 in Conjurations
  5427 | D:5      | Noticed Dowan
  5450 | D:5      | Found a glowing drain.
  5622 | Sewer    | Entered a sewer
  5789 | Sewer    | Reached skill level 5 in Spellcasting
  5939 | Sewer    | Offered knowledge of Sandblast by Vehumet.
  5978 | Sewer    | Reached ** piety under Vehumet
  6009 | Sewer    | Gained mutation: You have hoof-like feet. [demonic
                  | ancestry]
  6009 | Sewer    | Reached XP level 8. HP: 52/52 MP: 11/15
  6379 | D:5      | Found a bloodstained altar of Trog.
  6899 | D:5      | Killed Dowan
  7158 | D:5      | Reached skill level 9 in Conjurations
  7515 | D:5      | Found a blossoming altar of Fedhas.
  8551 | D:6      | Found Viqih's Firing Range.
  8761 | D:6      | Learned a level 1 spell: Sandblast
  8881 | D:6      | Found an ancient bone altar of Kikubaaqudgha.
  8898 | D:6      | Reached skill level 1 in Alchemy
  8944 | D:6      | Reached skill level 1 in Earth Magic
  9009 | D:6      | Reached XP level 9. HP: 49/57 MP: 8/19
  9190 | D:6      | Offered knowledge of Mercury Vapours by Vehumet.
  9489 | D:6      | Reached skill level 1 in Fighting
  9724 | D:6      | Reached skill level 10 in Conjurations
  9772 | D:6      | Identified the ring "Tixathru" {Wiz rF- Int+3 Dex+3}
  9972 | D:7      | Found a flagged portal.
 10041 | Bailey   | Entered a bailey
 10059 | Bailey   | Noticed an orc warlord
 10075 | Bailey   | Reached *** piety under Vehumet
 10565 | Bailey   | Found a runed translucent gate.
 10567 | Bailey   | Found a runed translucent gate.
 10568 | Bailey   | Found a runed translucent gate.
 11314 | Bailey   | Gained mutation: Your demonic aura sometimes causes spilled
                  | blood to erupt in flames. [demonic ancestry]
 11314 | Bailey   | Reached XP level 10. HP: 77/77 MP: 21/21
 11348 | Bailey   | Identified the ring of Roraiz Onga {Fire Str+4}
 11745 | D:7      | Offered knowledge of Mephitic Cloud by Vehumet.
 11834 | D:7      | Found a shimmering altar of Xom.
 11963 | D:7      | Found Kaetohib's Assorted Antiques.
 11967 | D:7      | Bought a fizzy yellow potion for 25 gold pieces
 11967 | D:7      | Bought a scroll of teleportation for 84 gold pieces
 11967 | D:7      | Bought a knobbly bronze ring for 140 gold pieces
 11987 | D:7      | Found Xiud's Jewellery Shop.
 12709 | D:8      | Found a shimmering blue altar of Sif Muna.
 13066 | D:8      | Reached **** piety under Vehumet
 13209 | D:8      | Offered knowledge of Airstrike by Vehumet.
 13273 | D:8      | You are sucked into a shaft and drop 3 floors!
 13286 | D:11     | Reached XP level 11. HP: 62/83 MP: 13/22
 13373 | D:11     | Found Niz Kev's Assorted Antiques.
 13381 | D:11     | Bought a scorched cloak for 228 gold pieces
 13381 | D:11     | Identified the +2 cloak of Too Many Cooks {rElec} (You
                  | bought it in a shop on level 11 of the Dungeon)
 13403 | D:11     | Noticed a red ugly thing
 13525 | D:11     | Found Jaegoz's Assorted Antiques.
 13584 | D:11     | Noticed a two-headed ogre
 13595 | D:11     | Killed a two-headed ogre
 13680 | D:11     | Noticed a two-headed ogre
 13680 | D:11     | Noticed a two-headed ogre
 13681 | D:11     | Noticed a boulder beetle
 13826 | D:11     | Found Ojame's Jewellery Emporium.
 13837 | D:10     | Entered Level 10 of the Dungeon
 13866 | D:10     | Noticed a two-headed ogre
 13874 | D:10     | Killed a two-headed ogre
 13875 | D:10     | Reached skill level 11 in Conjurations
 14102 | D:10     | Noticed a two-headed ogre
 14114 | D:10     | Killed a two-headed ogre
 14258 | D:10     | Noticed a two-headed ogre
 14277 | D:10     | Killed a two-headed ogre
 14455 | D:9      | Reached ***** piety under Vehumet
 14531 | D:9      | Offered knowledge of Fireball by Vehumet.
 14959 | D:9      | Noticed Harold
 14963 | D:9      | Noticed Erica
 14978 | D:9      | Found a staircase to the Lair.
 15106 | D:8      | Found Wahigoir's Elemental Accessories.
 15184 | D:9      | Killed Erica
 15301 | D:9      | Noticed a two-headed ogre
 15386 | D:9      | Reached skill level 12 in Conjurations
 15386 | D:9      | Gained mutation: You have hooves in place of feet. [demonic
                  | ancestry]
 15386 | D:9      | Reached XP level 12. HP: 79/89 MP: 16/25
 15455 | D:9      | Found a runed translucent door.
 15455 | D:9      | Noticed KineticRobot's ghost (novice HuCj)
 15456 | D:9      | Noticed a two-headed ogre
 15525 | D:9      | Killed a two-headed ogre
 15532 | D:9      | Killed Harold
 15533 | D:9      | Reached skill level 5 in Dodging
 15533 | D:9      | Reached skill level 5 in Earth Magic
 16068 | D:9      | Found a sparkling altar of Nemelex Xobeh.
 16073 | D:9      | Found a broken altar of Ashenzari.
 16075 | D:9      | Found a snail-covered altar of Cheibriados.
 16076 | D:9      | Found an iron altar of Okawaru.
 16314 | D:9      | Found an opulent altar of Gozag.
 16891 | D:10     | Learned a level 5 spell: Fireball
 16999 | D:10     | Killed a two-headed ogre
 17000 | D:10     | Reached skill level 1 in Fire Magic
 17176 | D:10     | Killed a two-headed ogre
 18253 | D:11     | Found Hiofyppo's Antique Weapon Boutique.
 18321 | D:11     | Noticed a boulder beetle
 18473 | D:11     | Found Arirenok's Antique Weapon Shop.
 19072 | D:11     | Reached skill level 5 in Fire Magic
 19455 | D:12     | Found a staircase to the Orcish Mines.
 19542 | Lair:1   | Entered Level 1 of the Lair of Beasts
 20646 | Lair:1   | Noticed a boulder beetle
 20660 | Lair:1   | Killed a boulder beetle
 20995 | D:8      | Bought the Thoughts on the Boulder for 360 gold pieces
 20999 | D:8      | Learned a level 3 spell: Stone Arrow
 21643 | Lair:1   | Gained mutation: You regenerate health from kills. [demonic
                  | ancestry]
 21643 | Lair:1   | Reached XP level 13. HP: 94/94 MP: 17/26
 22097 | Lair:1   | Offered knowledge of Sticky Flame by Vehumet.
 23256 | Lair:2   | Reached skill level 10 in Spellcasting
 23445 | Lair:2   | Identified the +7 flail of the Doomed Warrior {freeze, rF+}
 24685 | Lair:2   | You are sucked into a shaft and drop 2 floors!
 25162 | Lair:3   | Found a staircase to the Snake Pit.
 25365 | Lair:3   | Found a staircase to the Swamp.
 26186 | Lair:3   | Reached skill level 13 in Conjurations
 26480 | Lair:3   | Reached skill level 10 in Fire Magic
 26608 | Lair:3   | Reached XP level 14. HP: 101/101 MP: 12/28
 27647 | Lair:4   | Offered knowledge of Freezing Cloud by Vehumet.
 27792 | Lair:4   | Found a staircase to the Slime Pits.
 27792 | Lair:4   | Found a viscous altar of Jiyva.
 28981 | Lair:5   | Entered Level 5 of the Lair of Beasts
 29238 | Lair:5   | Noticed Sonja
 29242 | Lair:5   | Killed Sonja
 32242 | Lair:5   | Gained mutation: You are mostly covered in large bone
                  | plates. (SH +6) [demonic ancestry]
 32242 | Lair:5   | Reached XP level 15. HP: 83/106 MP: 18/30
 32824 | D:9      | Killed KineticRobot's ghost
 32827 | D:9      | Reached skill level 14 in Conjurations
 32924 | D:9      | Learned a level 5 spell: Borgnjor's Vile Clutch
 33183 | D:12     | Reached skill level 1 in Necromancy
 33674 | D:12     | Noticed Lodul
 33677 | D:12     | Killed Lodul
 34841 | D:13     | Offered knowledge of Bombard by Vehumet.
 35431 | D:13     | Learned a level 6 spell: Bombard
 36121 | Orc:1    | Entered Level 1 of the Orcish Mines
 36189 | Orc:2    | Entered Level 2 of the Orcish Mines
 36259 | Orc:2    | Found Qeniosoa's Antique Weapon Boutique.
 36336 | D:11     | Bought the amulet "Qyxis" {Reflect Fly rF+ rC+++ Int-3
                  | SH+5} for 897 gold pieces
 36415 | Orc:2    | Found a transporter.
 36527 | Orc:2    | Found a staircase to the Elven Halls.
 36745 | Orc:2    | Reached skill level 10 in Earth Magic
 36922 | Orc:2    | Found a transporter.
 36922 | Orc:2    | Noticed Nilihum's ghost (journeyman DECj)
 36943 | Orc:2    | Found a bloodstained altar of Trog.
 36954 | Orc:2    | Found a runed translucent door.
 37405 | Orc:2    | Found the +10 tower shield of Ignorance {rN+ Int-4}
 37421 | Orc:2    | Found a runed translucent door.
 37423 | Orc:2    | Offered knowledge of Spellforged Servitor by Vehumet.
 38167 | Orc:1    | Found a bloodstained altar of Trog.
 38417 | Orc:2    | Paralysed by an orc sorcerer for 3 turns
 38751 | Orc:2    | Found Gaygg's Antique Armour Shop.
 38752 | Orc:2    | Found Moeqics Vyusk's Antique Weapon Shop.
 38754 | Orc:2    | Found Xyphemm's General Store.
 38754 | Orc:2    | Found Heitrotz's Book Boutique.
 38770 | Orc:2    | Bought a scroll of teleportation for 36 gold pieces
 39415 | Swamp:1  | Entered Level 1 of the Swamp
 40586 | Swamp:1  | Noticed Kirke
 40592 | Swamp:1  | Killed Kirke
 41370 | Swamp:2  | Identified a scroll of acquirement
 41542 | Swamp:2  | Gained mutation: Your demonic aura often causes spilled
                  | blood to erupt in flames. [demonic ancestry]
 41542 | Swamp:2  | Reached XP level 16. HP: 59/113 MP: 10/32
 41684 | Swamp:2  | Acquired the sphere of Battle
 41684 | Swamp:2  | Found the sphere of Battle
 41755 | Swamp:2  | Found a transporter.
 41759 | Swamp:2  | Found a transporter.
 41759 | Swamp:2  | Noticed a tentacled starspawn
 41764 | Swamp:2  | Found a one-way gate to the infinite horrors of the Abyss.
 42067 | Swamp:2  | Offered knowledge of Lee's Rapid Deconstruction by Vehumet.
 42074 | Swamp:2  | Reached skill level 10 in Shields
 43348 | Swamp:4  | Entered Level 4 of the Swamp
 43350 | Swamp:4  | Noticed a thorn hunter
 43352 | Swamp:4  | Killed a thorn hunter
 44250 | Swamp:4  | Noticed a thorn hunter
 44251 | Swamp:4  | Killed a thorn hunter
 44254 | Swamp:4  | Noticed a tentacled starspawn
 44259 | Swamp:4  | Noticed Mlioglotl
 44267 | Swamp:4  | Noticed a tentacled starspawn
 44486 | Swamp:4  | Killed Mlioglotl
 44487 | Swamp:4  | Reached skill level 15 in Conjurations
 45427 | Swamp:4  | Found a basalt altar of Yredelemnul.
 45437 | Swamp:4  | Learned a level 3 spell: Passwall
 45446 | Swamp:4  | Learned a level 8 spell: Lehudib's Crystal Spear
 45455 | Swamp:4  | Got a decaying rune of Zot
 45474 | Swamp:4  | Noticed a thorn hunter
 45478 | Swamp:4  | Killed a thorn hunter
 45612 | Swamp:4  | Noticed a thorn hunter
 45614 | Swamp:4  | Killed a thorn hunter
 45656 | Swamp:4  | Reached XP level 17. HP: 118/118 MP: 26/34
 45657 | Swamp:4  | Reached ****** piety under Vehumet
 45726 | Swamp:4  | Found a blossoming altar of Fedhas.
 45994 | Snake:1  | Entered Level 1 of the Snake Pit
 45999 | Snake:1  | Offered knowledge of Ignition by Vehumet.
 46001 | Snake:1  | Found Qelotief's Armour Shoppe.
 46001 | Snake:1  | Found Edotot's Jewellery Emporium.
 46001 | Snake:1  | Found Buipy's Assorted Antiques.
 46001 | Snake:1  | Found Amaeb's General Store.
 46680 | D:14     | Noticed Jorgrun
 46684 | D:14     | Killed Jorgrun
 46855 | D:14     | Identified the +1 leather armour of the Mind {+Inv Will-
                  | rCorr}
 47494 | Orc:2    | Killed Nilihum's ghost
 47668 | D:11     | Bought a scroll of teleportation for 72 gold pieces
 47668 | D:11     | Bought a scroll of teleportation for 72 gold pieces
 47668 | D:11     | Bought a potion of curing for 72 gold pieces
 48069 | D:14     | Found a gate to the Vaults.
 48876 | Snake:1  | Bought a +2 helmet of see invisible for 408 gold pieces
 48888 | Snake:1  | Acquired 371 gold pieces
 48897 | Snake:1  | Bought a scroll of teleportation for 39 gold pieces
 50165 | Snake:2  | Reached skill level 16 in Conjurations
 50842 | Snake:2  | Offered knowledge of Shatter by Vehumet.
 50842 | Snake:2  | Offered knowledge of Chain Lightning by Vehumet.
 50842 | Snake:2  | Offered knowledge of Polar Vortex by Vehumet.
 50947 | Snake:2  | Learned a level 9 spell: Shatter
 51150 | Snake:2  | Reached XP level 18. HP: 125/125 MP: 25/35
 51179 | Snake:2  | Noticed Nikola
 51183 | Snake:2  | Killed Nikola
 51350 | Snake:2  | Identified the serpent talisman of Zeawown {rCorr}
 51350 | Snake:2  | Noticed Aizul
 51452 | Snake:2  | Killed Aizul
 51453 | Snake:2  | Reached skill level 15 in Earth Magic
 52092 | Snake:3  | Noticed Saint Roka
 52097 | Snake:3  | Killed Saint Roka
 52360 | Snake:3  | Found a bloodstained altar of Trog.
 52419 | Snake:3  | Noticed Vashnia
 52431 | Snake:3  | HP: 1/125 [Vashnia/arrow (21)]
 52431 | Snake:3  | Shot with an arrow by a naga sharpshooter

Illustrated notes

Levels and vault maps discovered:
D:1:      dpeg_arrival_subterranean_lakeside_camping, layout_loops_corners,
          kennysheep_boxes
D:2:      layout_basic, uniq_jessica
D:3:      layout_basic, vehumet_statue, ebering_ecumenical_altar_hall,
          serial_corexii_hall, corexii_hall_statues_i, chequers_hall_statues_y,
          uniq_sigmund
D:4:      layout_basic, minmay_temple_entry_hall, grunt_decor_fettered,
          minmay_goblin_kobold_house, uniq_robin, uniq_eustachio
D:5:      layout_basic, mainiacjoe_overflow_boulevard,
          fedhas_altar_decomposition, kennysheep_mini_moat,
          cheibrodos_sewer_entry_drain, kennysheep_generic_room_9, uniq_duvessa
D:6:      layout_basic, lemuel_crystal_altar, nicolae_shop_firing_range
D:7:      layout_gridville, xom_butterflies, serial_shops,
          nicolae_shop_pleasant_corner_grove, nicolae_shop_hallway_stairs,
          enter_bailey_4
D:8:      layout_rooms, hellmonk_sif_muna_bookshelves, nicolae_sextant,
          nicolae_elemental_shop
D:9:      layout_rooms, dreamdust_divine_triumvirate, minitemple,
          minmay_lair_entry_grove, ebering_ghost_inner_flame, uniq_harold,
          uniq_erica
D:10:     layout_cave_pools
D:11:     layout_stronghold, serial_shops, nicolae_stop_n_shop_2, shop,
          nicolae_shop_advertising_works [nicolae_subvault_shop_adworks],
          nicolae_shop_gibbet_a_chance, shop, nicolae_fountain_basement
D:12:     layout_layer_cave, orc_0_dummy, uniq_lodul
D:13:     layout_basic
D:14:     layout_roguey [special_room_mythical_zoo],
          hellmonk_vaults_attempted_burglary, chequers_serial_rivers_micro_c,
          uniq_jorgrun
Lair:1:   regret_index_malice_mire, layout_gridlike, st_stairs_10,
          serial_bayou_shore_b, grunt_megastairs_1
Lair:2:   layout_layer_cave
Lair:3:   layout_concentric_octagons, mainiacjoe_swamp_entry_lozenge_pond,
          nicolae_snake_entry_squirm, grunt_forest_small_clearings,
          infiniplex_staircase_pool_2
Lair:4:   layout_gridlike, minmay_slime_entry_oklob_open, serial_bayou_shore_b,
          grunt_megastairs_5
Lair:5:   minmay_lair_end_frog_pond, layout_regular_city, serial_bayou_shore_b,
          lemuel_fruit_tree, uniq_sonja
Swamp:1:  layout_falls_marsh, hangedman_swamp_ruin_wall, swamp_pool_5,
          wheals_swamp_sinkhole, uniq_kirke
Swamp:2:  layout_basic_swamp, gammafunk_ghost_abyssal_escape,
          nicolae_swamp_some_circles
Swamp:3:  layout_basic_swamp, evilmike_swamp_ruin_rubble_2
Swamp:4:  byrel_swamp_growth_death_and_undeath, layout_basic_swamp,
          swamp_pool_4, beargit_elvish_explorers, uniq_mlioglotl
Snake:1:  layout_onion, minmay_shoptagon, serial_bayou_shore_b
Snake:2:  kennysheep_snake, layout_rooms, minmay_snake_pond, uniq_nikola,
          uniq_aizul
Snake:3:  layout_gridlike, basic_altar, guppyfry_snake_island, uniq_vashnia,
          uniq_roxanne, uniq_saint_roka
Orc:1:    layout_caves, hangedman_feature_mirror
Orc:2:    st_orc_congregation, layout_caves, gammafunk_ghost_wrathful_warriors,
          serial_shops, shop, nicolae_orc_hostile_takeover,
          chequers_guarded_unrand_ignorance

Skill      XL: |  1  2  3  4  5  6  7  8  9 10 11 12 13 14 15 16 17 18 |
---------------+-------------------------------------------------------+-----
Conjurations   | 5 6 7 8 9 10 12 13 14 15 16 | 16.0
Spellcasting   | 3 5 6 7 9 10 11 12 13 | 13.8
Alchemy        | 2 3 |  3.0
Earth Magic    | 1 2 3 4 6 8 9 11 12 14 15 | 15.5
Dodging        | 2 3 4 5 |  5.7
Fighting       | 6 |  6.4
Shields        | 7 9 11 | 11.0
Fire Magic     | 7 10 12 13 | 13.1
Necromancy     | 4 |  4.0
Stealth        | |  1.7

Action                     |  1- 3 |  4- 6 |  7- 9 | 10-12 | 13-15 | 16-18 || total
---------------------------+-------+-------+-------+-------+-------+-------++-------
  Melee: Rapier            |    70 |     9 |       |       |       |       ||    79
         Kick              |     8 |     2 |    14 |    10 |     9 |     2 ||    45
         Punch             |     1 |       |     3 |       |       |       ||     4
         Dagger            |       |       |    37 |       |       |       ||    37
         Whip              |       |       |    29 |    26 |       |       ||    55
         Scimitar          |       |       |       |     2 |       |       ||     2
         Staff             |       |       |       |     1 |    14 |     3 ||    18
   Cast: Magic Dart        |    25 |    46 |    90 |    11 |     1 |       ||   173
         Searing Ray       |     1 |    17 |   117 |   138 |     7 |       ||   280
         Fulminant Prism   |       |       |    11 |    65 |    18 |     1 ||    95
         Sandblast         |       |       |       |     2 |   171 |    60 ||   233
         Fireball          |       |       |       |    38 |   271 |   310 ||   619
         Stone Arrow       |       |       |       |    12 |   216 |    14 ||   242
         Bombard           |       |       |       |       |    67 |    45 ||   112
         Borgnjor's Vile C |       |       |       |       |       |    12 ||    12
         Lehudib's Crystal |       |       |       |       |       |     6 ||     6
  Evoke: Wand              |       |       |       |     7 |     1 |     1 ||     9
    Use: Scroll            |       |     3 |    11 |    12 |    11 |    13 ||    50
         Potion            |       |     2 |     1 |     2 |     3 |    13 ||    21
   Stab: Sleeping          |     3 |     2 |       |       |       |       ||     5
 Armour: Robe              |    42 |    24 |   116 |   177 |   176 |       ||   535
         Skin              |       |     1 |       |     2 |    11 |       ||    14
         Leather armour    |       |       |       |       |    66 |       ||    66
         Swamp dragon scal |       |       |       |       |    12 |   190 ||   202
  Dodge: Dodged            |    64 |    19 |   149 |   370 |   210 |    74 ||   886
  Block: Other             |       |       |    36 |    62 |     5 |       ||   103
         Kite shield       |       |       |       |       |   313 |       ||   313
         Reflection        |       |       |       |       |    14 |       ||    14
